Sabres vs Devils
Created - March 8, 2019 at 20:33
Goals
|
Sabres |
0 |
2 |
1 |
0 |
1 |
4 |
Devils |
3 |
0 |
0 |
0 |
0 |
3 |
|
Shots
|
Sabres |
11 |
18 |
9 |
2 |
3 |
40 |
Devils |
11 |
10 |
6 |
1 |
3 |
28 |
|
1st period
1. Devils , Johnny Gaudreau 25 (Sidney Crosby 47) at 11:17
2. Devils , Scott Gomez 13 (Jaden Schwartz 15, Viktor Arvidsson 19) at 13:12
3. Devils , Anthony Stewart 8 (Brayden Schenn 34, Kellan Lain 12) at 17:38
Penalties :
Kevin Shattenkirk (NJD) for Diving (Minor) at 7:41
2nd period
4. Sabres , Sean Monahan 2 (Zack Kassian 34, Ilya Kovalchuk 31) at 1:53 (PP)
5. Sabres , Zack Kassian 20 (Evander Kane 40, Vincent Lecavalier 31) at 18:23
Penalties :
Luke Schenn (NJD) for Tripping (Minor) at 1:48
3rd period
6. Sabres , Darcy Hordichuk 6 (Zach Bogosian 28, Michael Frolik 33) at 19:35
Penalties :
Kevin Shattenkirk (NJD) for Roughing (Minor) at 4:45, Ilya Kovalchuk (Buf) for Tripping (Minor) at 13:58, Darren Reid (Buf) for Hooking (Minor) at 19:50
Overtime #1
No Goal
Penalties :
No Penalty
Shootout
Sabres, Evander Kane - Stopped by Ryan Miller
Devils, Viktor Arvidsson - Stopped by Robin Lehner
Sabres, Michael Frolik - Goal!
Devils, Sidney Crosby - Stopped by Robin Lehner
Sabres, Vincent Lecavalier - Stopped by Ryan Miller
Devils, Jordan Eberle - Stopped by Robin Lehner
Penalties :
No Penalty
Goalie Stats
Robin Lehner (Buf), 25 saves from 28 shots - (0.893), W, 29-14-3, 64:14 minutes
Ryan Miller (NJD), 37 saves from 40 shots - (0.925), OTL, 21-23-4, 65:00 minutes
Players Stats for Sabres
Player Name G A P +/- PIM S H SB GA TA FO MP PP MP PK MP
------------------------------------------------------------------------------------
Andrei Loktionov 0 0 0 -2 0 4 1 0 0 0 11/22 20:58 1:57 0:45
Brad Richardson 0 0 0 0 0 1 0 0 0 0 0/0 11:01 0:00 0:22
Brandon Sutter 0 0 0 1 0 0 0 0 1 2 4/8 13:01 0:00 2:06
Darcy Hordichuk 1 0 1 1 0 4 1 1 0 1 0/1 10:21 0:00 0:10
Darren Reid 0 0 0 0 2 1 3 0 0 0 0/0 13:06 0:00 1:01
Evander Kane 0 1 1 0 0 5 1 1 0 0 1/1 18:40 1:57 0:57
Ilya Kovalchuk 0 1 1 -2 2 4 1 0 0 0 0/1 19:15 2:06 0:00
Jakub Kindl 0 0 0 0 0 0 1 1 1 0 0/0 18:23 0:00 0:00
Jared Cowen 0 0 0 -1 0 1 1 0 0 0 0/0 23:36 2:24 2:10
Mathew Dumba 0 0 0 0 0 0 2 1 0 0 0/0 19:17 1:39 1:48
Matt Martin 0 0 0 0 0 2 0 0 0 1 0/0 10:35 0:00 0:00
Michael Frolik 0 1 1 -1 0 3 0 1 1 0 1/2 19:27 1:57 0:00
Michael Kostka 0 0 0 0 0 1 2 3 0 1 0/0 18:42 1:39 0:50
Rob Scuderi 0 0 0 -1 0 1 1 2 0 3 0/0 22:50 0:00 0:52
Sean Monahan 1 0 1 0 0 4 0 0 0 0 4/10 13:40 2:06 0:00
Vincent Lecavalier 0 1 1 0 0 2 0 0 0 0 5/12 17:53 0:00 0:45
Zach Bogosian 0 1 1 0 0 2 1 1 1 1 0/0 27:12 2:24 2:16
Zack Kassian 1 1 2 0 0 5 3 0 1 0 0/1 18:03 2:06 0:00
Players Stats for Devils
Player Name G A P +/- PIM S H SB GA TA FO MP PP MP PK MP
------------------------------------------------------------------------------------
Alexander Perezhogin 0 0 0 0 0 1 0 0 0 0 0/0 7:43 0:00 0:00
Anthony Stewart 1 0 1 0 0 1 0 0 0 0 1/1 17:06 0:00 0:54
Anton Volchenkov 0 0 0 1 0 0 0 0 0 0 0/0 16:13 0:00 1:37
Brandon Bollig 0 0 0 0 0 2 0 0 0 0 0/0 7:28 0:00 0:00
Brayden Schenn 0 1 1 0 0 2 2 0 1 0 7/16 19:30 0:50 1:59
Dmitry Kulikov 0 0 0 1 0 1 2 0 0 0 0/0 20:44 0:00 2:01
Jaden Schwartz 0 1 1 0 0 2 1 0 1 0 0/0 14:54 0:50 0:00
Johnny Gaudreau 1 0 1 1 0 3 2 0 2 0 2/2 21:02 1:18 0:42
Jordan Eberle 0 0 0 0 0 2 2 0 2 0 1/2 23:47 1:18 2:05
Kellan Lain 0 1 1 0 0 2 1 1 0 0 0/1 16:47 0:00 1:13
Kevin Shattenkirk 0 0 0 1 4 2 6 1 1 0 0/0 22:53 0:48 0:00
Luke Schenn 0 0 0 -1 2 2 3 1 0 1 0/0 25:02 1:20 1:37
Scott Gomez 1 0 1 0 0 3 4 1 1 0 4/6 16:29 0:00 1:13
Sidney Crosby 0 1 1 1 0 2 2 0 0 0 15/28 20:40 1:18 0:00
Travis Hamonic 0 0 0 1 0 1 0 1 0 0 0/0 20:48 0:48 2:18
Tyler Bozak 0 0 0 0 0 0 1 0 0 1 2/2 7:28 0:00 0:00
Tyler Cuma 0 0 0 -1 0 0 1 1 0 3 0/0 24:42 1:20 0:33
Viktor Arvidsson 0 1 1 1 0 2 1 0 1 0 0/0 12:38 0:50 0:00
3 Stars
1 - Zack Kassian (Buf)
2 - Darcy Hordichuk (Buf)
3 - Scott Gomez (NJD)
Power Play
Sabres - 1 on 3 Attempt(s) - 33.33%
Devils - 0 on 2 Attempt(s) - 0.00%
Penalty Kill
Sabres - 2 on 2 Attempt(s) - 100.00%
- Score 0 goal in Penalty Kill
Devils - 2 on 3 Attempt(s) - 66.67%
- Score 0 goal in Penalty Kill
Team Stat
Sabres - Hits : 18 - Faceoff Wins : 26 - Blocked Shots : 11 - Penalty Minutes : 4
Devils - Hits : 28 - Faceoff Wins : 32 - Blocked Shots : 6 - Penalty Minutes : 6
Official
Referees : Unknown
Linesman : Unknown
Game Notes
17:38 of 1st period - Devils goal is going for a video replay. After video review, Goal.
Finance
Level 1 -- Attendance: 6000 (100.00%) -- Ticket Income $540,000
Level 2 -- Attendance: 5000 (100.00%) -- Ticket Income $275,000
Level 3 -- Attendance: 2000 (100.00%) -- Ticket Income $72,000
Level 4 -- Attendance: 4000 (100.00%) -- Ticket Income $100,000
Luxury Box -- Attendance: 1000 (100.00%) -- Ticket Income $155,000
Game was played at the The prudential Center.
Total Attendance: 18000 (100.00%)
Total Ticket Income: $1,142,000
Other Income: $171,300
Total Income: $1,313,300
Sabres
5 vs 5 Forward
Center Left Wing Right Wing Time % Phy DF OF
1 Andrei Loktionov Ilya Kovalchuk Michael Frolik 34 0 1 4
2 Vincent Lecavalier Evander Kane Zack Kassian 30 0 1 4
3 Sean Monahan Matt Martin Darren Reid 21 1 2 2
4 Brandon Sutter Darcy Hordichuk Brad Richardson 15 1 2 2
5 vs 5 Defense
Defense Defense Time % Phy DF OF
1 Rob Scuderi Zach Bogosian 41 2 2 1
2 Jakub Kindl Jared Cowen 35 1 3 1
3 Michael Kostka Mathew Dumba 24 1 4 0
4 Michael Kostka Mathew Dumba 0 1 4 0
PowerPlay Forward
Center Left Wing Right Wing Time % Phy DF OF
1 Sean Monahan Ilya Kovalchuk Zack Kassian 53 0 0 5
2 Andrei Loktionov Evander Kane Michael Frolik 47 1 0 4
PowerPlay Defense
Defense Defense Time % Phy DF OF
1 Zach Bogosian Jared Cowen 53 0 1 4
2 Michael Kostka Mathew Dumba 47 1 1 3
Penalty Kill 4 Players Forward
Center Wing Time % Phy DF OF
1 Brandon Sutter Darren Reid 55 1 4 0
2 Vincent Lecavalier Ilya Kovalchuk 45 1 4 0
Penalty Kill 4 Players Defense
Defense Defense Time % Phy DF OF
1 Jared Cowen Zach Bogosian 55 1 4 0
2 Mathew Dumba Michael Kostka 45 1 4 0
Penalty Kill - 3 Players Forward
Forward Time % Phy DF OF
1 Brandon Sutter 60 0 5 0
2 Brad Richardson 40 0 5 0
Penalty Kill - 3 Players Defense
Defense Defense Time % Phy DF OF
1 Rob Scuderi Jared Cowen 60 1 4 0
2 Mathew Dumba Zach Bogosian 40 1 4 0
4 vs 4 Forward
Center Wing Time % Phy DF OF
1 Vincent Lecavalier Darren Reid 50 0 2 3
2 Andrei Loktionov Brad Richardson 50 0 1 4
4 vs 4 Defense
Defense Defense Time % Phy DF OF
1 Michael Kostka Jared Cowen 50 0 4 1
2 Mathew Dumba Rob Scuderi 50 0 4 1
Last Minutes Offensive
Center Left Wing Right Wing Defense Defense
Andrei Loktionov Evander Kane Michael Frolik Zach Bogosian Jared Cowen
Last Minutes Defensive
Center Left Wing Right Wing Defense Defense
Brandon Sutter Evander Kane Michael Frolik Zach Bogosian Jared Cowen
Goaltenders
Starting : Robin Lehner
Backup : Jonas Hiller
Extra Forwards
Normal : Brandon Sutter, Andrei Loktionov, Sean Monahan - PP : Ilya Kovalchuk, Sean Monahan - PK : Brandon Sutter
Extra Defensemen
Normal : Zach Bogosian, Jared Cowen, Mathew Dumba - PP : Zach Bogosian - PK : Rob Scuderi, Jared Cowen
Penalty Shots
Evander Kane, Michael Frolik, Vincent Lecavalier, Sean Monahan, Zack Kassian
Scratches
Randy Jones (Healthy), Scottie Upshall (Healthy)
Devils
5 vs 5 Forward
Center Left Wing Right Wing Time % Phy DF OF
1 Sidney Crosby Johnny Gaudreau Jordan Eberle 40 1 2 2
2 Brayden Schenn Kellan Lain Anthony Stewart 30 1 2 2
3 Scott Gomez Jaden Schwartz Viktor Arvidsson 20 1 2 2
4 Tyler Bozak Brandon Bollig Alexander Perezhogin 10 1 2 2
5 vs 5 Defense
Defense Defense Time % Phy DF OF
1 Tyler Cuma Luke Schenn 40 1 2 2
2 Kevin Shattenkirk Travis Hamonic 30 1 2 2
3 Anton Volchenkov Dmitry Kulikov 20 1 2 2
4 Dmitry Kulikov Kevin Shattenkirk 10 1 2 2
PowerPlay Forward
Center Left Wing Right Wing Time % Phy DF OF
1 Sidney Crosby Johnny Gaudreau Jordan Eberle 60 1 2 2
2 Brayden Schenn Jaden Schwartz Viktor Arvidsson 40 1 2 2
PowerPlay Defense
Defense Defense Time % Phy DF OF
1 Tyler Cuma Luke Schenn 60 1 2 2
2 Travis Hamonic Kevin Shattenkirk 40 1 2 2
Penalty Kill 4 Players Forward
Center Wing Time % Phy DF OF
1 Brayden Schenn Jordan Eberle 60 1 2 2
2 Scott Gomez Kellan Lain 40 1 2 2
Penalty Kill 4 Players Defense
Defense Defense Time % Phy DF OF
1 Dmitry Kulikov Travis Hamonic 60 1 2 2
2 Anton Volchenkov Luke Schenn 40 1 2 2
Penalty Kill - 3 Players Forward
Forward Time % Phy DF OF
1 Brayden Schenn 60 1 2 2
2 Scott Gomez 40 1 2 2
Penalty Kill - 3 Players Defense
Defense Defense Time % Phy DF OF
1 Anton Volchenkov Travis Hamonic 60 1 2 2
2 Dmitry Kulikov Luke Schenn 40 1 2 2
4 vs 4 Forward
Center Wing Time % Phy DF OF
1 Sidney Crosby Jordan Eberle 60 1 2 2
2 Brayden Schenn Johnny Gaudreau 40 1 2 2
4 vs 4 Defense
Defense Defense Time % Phy DF OF
1 Kevin Shattenkirk Travis Hamonic 60 1 2 2
2 Tyler Cuma Dmitry Kulikov 40 1 2 2
Last Minutes Offensive
Center Left Wing Right Wing Defense Defense
Sidney Crosby Johnny Gaudreau Jordan Eberle Luke Schenn Kevin Shattenkirk
Last Minutes Defensive
Center Left Wing Right Wing Defense Defense
Brayden Schenn Jaden Schwartz Jordan Eberle Kevin Shattenkirk Travis Hamonic
Goaltenders
Starting : Ryan Miller
Backup : Keith Kinkaid
Extra Forwards
Normal : Scott Gomez, Jaden Schwartz, Anthony Stewart - PP : Scott Gomez, Johnny Gaudreau - PK : Anthony Stewart
Extra Defensemen
Normal : Luke Schenn, Anton Volchenkov, Tyler Cuma - PP : Luke Schenn - PK : Anton Volchenkov, Tyler Cuma
Penalty Shots
Viktor Arvidsson, Sidney Crosby, Jordan Eberle, Brayden Schenn, Jaden Schwartz
Scratches
None
% Time on Ice - Sabres
Lines # - Real PCT - Wanted PCT - Time Play
Normal Forward
1 - 31% - 34% - 16:40
2 - 32% - 30% - 17:01
3 - 20% - 21% - 10:35
4 - 16% - 15% - 8:43
Normal Defense
1 - 40% - 41% - 20:58
2 - 34% - 35% - 18:08
3 - 25% - 24% - 13:09
4 - 1% - 0% - 0:44
PP Forward
1 - 52% - 53% - 2:06
2 - 48% - 47% - 1:57
PP Defense
1 - 59% - 53% - 2:24
2 - 41% - 47% - 1:39
PK Forward
1 - 63% - 55% - 1:20
2 - 38% - 45% - 0:48
PK Defense
1 - 61% - 55% - 1:18
2 - 39% - 45% - 0:50
PK3 Forward
1 - 80% - 60% - 1:28
2 - 20% - 40% - 0:22
PK3 Defense
1 - 47% - 60% - 0:52
2 - 53% - 40% - 0:58
44 Forward
1 - 51% - 50% - 1:37
2 - 49% - 50% - 1:33
44 Defense
1 - 61% - 50% - 1:56
2 - 39% - 50% - 1:14
Last Minute Offensive - 0:50
Last Minute Defensive - 0:00
Total
Forward - 65:00
Defense - 65:00
|
% Time on Ice - Devils
Lines # - Real PCT - Wanted PCT - Time Play
Normal Forward
1 - 33% - 40% - 17:44
2 - 30% - 30% - 16:05
3 - 22% - 20% - 11:43
4 - 14% - 10% - 7:28
Normal Defense
1 - 37% - 40% - 19:51
2 - 31% - 30% - 16:34
3 - 24% - 20% - 12:30
4 - 8% - 10% - 4:05
PP Forward
1 - 61% - 60% - 1:18
2 - 39% - 40% - 0:50
PP Defense
1 - 63% - 60% - 1:20
2 - 38% - 40% - 0:48
PK Forward
1 - 70% - 60% - 2:50
2 - 30% - 40% - 1:13
PK Defense
1 - 60% - 60% - 2:26
2 - 40% - 40% - 1:37
PK3 Forward
1 - 0% - 60%
2 - 0% - 40%
PK3 Defense
1 - 0% - 60%
2 - 0% - 40%
44 Forward
1 - 79% - 60% - 3:57
2 - 21% - 40% - 1:03
44 Defense
1 - 61% - 60% - 3:03
2 - 39% - 40% - 1:57
Last Minute Offensive - 0:00
Last Minute Defensive - 0:49
Total
Forward - 65:00
Defense - 65:00
|
Play-by-Play
1st period
0:01 of 1st period - Andrei Loktionov wins face-off versus Sidney Crosby in neutral zone.
0:06 of 1st period - Slapshot by Ilya Kovalchuk.
0:06 of 1st period - Stopped by Ryan Miller with a rebound.
0:16 of 1st period - Snap shot by Jordan Eberle.
0:16 of 1st period - Stopped by Robin Lehner without a rebound.
0:17 of 1st period - Vincent Lecavalier wins face-off versus Brayden Schenn in Sabres zone.
1:00 of 1st period - Icing by Jared Cowen.
1:01 of 1st period - Brandon Sutter wins face-off versus Sidney Crosby in Sabres zone.
2:26 of 1st period - Mathew Dumba is hit by Tyler Cuma and loses puck.
2:58 of 1st period - Wrist shot by Andrei Loktionov.
2:58 of 1st period - Stopped by Ryan Miller without a rebound.
2:59 of 1st period - Brayden Schenn wins face-off versus Vincent Lecavalier in Devils zone.
2:59 of 1st period - Brayden Schenn is hit by Zack Kassian.
3:11 of 1st period - Jared Cowen is hit by Brayden Schenn and loses puck.
3:51 of 1st period - Slapshot by Darcy Hordichuk.
3:51 of 1st period - Stopped by Ryan Miller without a rebound.
3:52 of 1st period - Brayden Schenn wins face-off versus Brandon Sutter in Devils zone.
4:04 of 1st period - Brayden Schenn is hit by Mathew Dumba and loses puck.
5:04 of 1st period - Off-side.
5:05 of 1st period - Sidney Crosby wins face-off versus Vincent Lecavalier in neutral zone.
5:41 of 1st period - Wrist shot by Jaden Schwartz.
5:41 of 1st period - Stopped by Robin Lehner without a rebound.
5:42 of 1st period - Andrei Loktionov wins face-off versus Brayden Schenn in Sabres zone.
5:53 of 1st period - Wrist shot by Ilya Kovalchuk.
5:53 of 1st period - Stopped by Ryan Miller with a rebound.
6:37 of 1st period - Wrist shot by Brad Richardson.
6:37 of 1st period - Stopped by Ryan Miller with a rebound.
6:51 of 1st period - Evander Kane is hit by Dmitry Kulikov and loses puck.
7:41 of 1st period - Minor Penalty to Kevin Shattenkirk for Diving.
7:42 of 1st period - Sean Monahan wins face-off versus Brayden Schenn in Devils zone.
8:15 of 1st period - Wrist shot by Evander Kane.
8:15 of 1st period - Deflect By Michael Frolik.
8:15 of 1st period - Stopped by Ryan Miller with a rebound.
9:33 of 1st period - Evander Kane is hit by Scott Gomez.
9:41 of 1st period - Penalty to Kevin Shattenkirk is over, Kevin Shattenkirk is back on ice.
9:51 of 1st period - Wrist shot by Tyler Bozak.
9:51 of 1st period - Deflect By Brandon Bollig.
9:51 of 1st period - Shot Blocked by Michael Kostka.
9:51 of 1st period - Puck is out of play.
9:52 of 1st period - Scott Gomez wins face-off versus Brandon Sutter in Sabres zone.
10:07 of 1st period - Wrist shot by Jaden Schwartz.
10:07 of 1st period - Stopped by Robin Lehner with a rebound.
10:17 of 1st period - Brayden Schenn is hit by Darren Reid and loses puck.
10:57 of 1st period - Snap shot by Brandon Bollig.
10:57 of 1st period - Stopped by Robin Lehner without a rebound.
10:58 of 1st period - Brayden Schenn wins face-off versus Darcy Hordichuk in Sabres zone.
11:01 of 1st period - Wrist shot by Kellan Lain.
11:01 of 1st period - Shot Misses the Net.
11:03 of 1st period - Slapshot by Luke Schenn.
11:03 of 1st period - Shot Misses the Net.
11:05 of 1st period - Snap shot by Kellan Lain.
11:05 of 1st period - Stopped by Robin Lehner without a rebound.
11:06 of 1st period - Brayden Schenn wins face-off versus Brandon Sutter in Sabres zone.
11:09 of 1st period - Snap shot by Brayden Schenn.
11:09 of 1st period - Shot Misses the Net.
11:15 of 1st period - Wrist shot by Brayden Schenn.
11:15 of 1st period - Deflect By Kellan Lain.
11:15 of 1st period - Shot Blocked by Michael Kostka.
11:15 of 1st period - Puck is out of play.
11:16 of 1st period - Sidney Crosby wins face-off versus Andrei Loktionov in Sabres zone.
11:17 of 1st period - Snap shot by Johnny Gaudreau.
11:17 of 1st period - Goal by Johnny Gaudreau - Sabres : 0 - Devils : 1.
11:18 of 1st period - Andrei Loktionov wins face-off versus Sidney Crosby in neutral zone.
11:35 of 1st period - Luke Schenn is hit by Zach Bogosian and loses puck.
12:17 of 1st period - Snap shot by Sean Monahan.
12:17 of 1st period - Deflect By Matt Martin.
12:17 of 1st period - Stopped by Ryan Miller with a rebound.
12:31 of 1st period - Slapshot by Travis Hamonic.
12:31 of 1st period - Stopped by Robin Lehner with a rebound.
12:33 of 1st period - Slapshot by Tyler Bozak.
12:33 of 1st period - Shot Misses the Net.
12:37 of 1st period - Slapshot by Kevin Shattenkirk.
12:37 of 1st period - Stopped by Robin Lehner without a rebound.
12:38 of 1st period - Sidney Crosby wins face-off versus Andrei Loktionov in Sabres zone.
13:05 of 1st period - Jared Cowen is hit by Viktor Arvidsson and loses puck.
13:10 of 1st period - Snap shot by Jaden Schwartz.
13:10 of 1st period - Shot Blocked by Michael Frolik.
13:12 of 1st period - Wrist shot by Scott Gomez.
13:12 of 1st period - Goal by Scott Gomez - Sabres : 0 - Devils : 2.
13:13 of 1st period - Vincent Lecavalier wins face-off versus Sidney Crosby in neutral zone.
13:26 of 1st period - Slapshot by Evander Kane.
13:26 of 1st period - Stopped by Ryan Miller with a rebound.
13:28 of 1st period - Slapshot by Zach Bogosian.
13:28 of 1st period - Stopped by Ryan Miller with a rebound.
13:38 of 1st period - Brayden Schenn is hit by Ilya Kovalchuk and loses puck.
14:03 of 1st period - Wrist shot by Scott Gomez.
14:03 of 1st period - Shot Hit the Post.
14:05 of 1st period - Snap shot by Scott Gomez.
14:05 of 1st period - Shot Misses the Net.
14:07 of 1st period - Snap shot by Scott Gomez.
14:07 of 1st period - Deflect By Jared Cowen.
14:07 of 1st period - Shot Misses the Net.
14:07 of 1st period - Puck is out of play.
14:08 of 1st period - Sidney Crosby wins face-off versus Vincent Lecavalier in Sabres zone.
14:15 of 1st period - Slapshot by Evander Kane.
14:15 of 1st period - Stopped by Ryan Miller without a rebound.
14:16 of 1st period - Sidney Crosby wins face-off versus Vincent Lecavalier in Devils zone.
17:12 of 1st period - Jordan Eberle is hit by Andrei Loktionov and loses puck.
17:36 of 1st period - Wrist shot by Brayden Schenn.
17:36 of 1st period - Shot Blocked by Zach Bogosian.
17:38 of 1st period - Snap shot by Anthony Stewart.
17:38 of 1st period - Devils goal is going for a video replay.
17:38 of 1st period - The goal is good.
17:38 of 1st period - Goal by Anthony Stewart - Sabres : 0 - Devils : 3.
17:39 of 1st period - Andrei Loktionov wins face-off versus Sidney Crosby in neutral zone.
17:48 of 1st period - Snap shot by Johnny Gaudreau.
17:48 of 1st period - Stopped by Robin Lehner with a rebound.
18:24 of 1st period - Off-side.
18:25 of 1st period - Tyler Bozak wins face-off versus Sean Monahan in neutral zone.
18:32 of 1st period - Snap shot by Tyler Bozak.
18:32 of 1st period - Shot Blocked by Rob Scuderi.
18:56 of 1st period - Snap shot by Vincent Lecavalier.
18:56 of 1st period - Shot Blocked by Kevin Shattenkirk.
18:58 of 1st period - Wrist shot by Vincent Lecavalier.
18:58 of 1st period - Stopped by Ryan Miller without a rebound.
18:59 of 1st period - Sidney Crosby wins face-off versus Andrei Loktionov in Devils zone.
19:38 of 1st period - Snap shot by Kellan Lain.
19:38 of 1st period - Shot Blocked by Evander Kane.
19:56 of 1st period - Off-side.
19:57 of 1st period - Andrei Loktionov wins face-off versus Sidney Crosby in neutral zone.
Goals for this period are 0 for Sabres vs 3 for Devils.
Shots for this period are 11 for Sabres vs 11 for Devils.
2nd period
0:01 of 2nd period - Sidney Crosby wins face-off versus Andrei Loktionov in neutral zone.
0:08 of 2nd period - Wrist shot by Sidney Crosby.
0:08 of 2nd period - Shot Misses the Net.
1:15 of 2nd period - Slapshot by Kevin Shattenkirk.
1:15 of 2nd period - Shot Blocked by Jakub Kindl.
1:37 of 2nd period - Wrist shot by Michael Frolik.
1:37 of 2nd period - Shot Misses the Net.
1:39 of 2nd period - Slapshot by Jared Cowen.
1:39 of 2nd period - Stopped by Ryan Miller without a rebound.
1:40 of 2nd period - Vincent Lecavalier wins face-off versus Kellan Lain in Devils zone.
1:43 of 2nd period - Slapshot by Vincent Lecavalier.
1:43 of 2nd period - Stopped by Ryan Miller with a rebound.
1:45 of 2nd period - Snap shot by Zack Kassian.
1:45 of 2nd period - Stopped by Ryan Miller without a rebound.
1:46 of 2nd period - Brayden Schenn wins face-off versus Vincent Lecavalier in Devils zone.
1:48 of 2nd period - Minor Penalty to Luke Schenn for Tripping.
1:49 of 2nd period - Sean Monahan wins face-off versus Brayden Schenn in Devils zone.
1:49 of 2nd period - Wrist shot by Ilya Kovalchuk.
1:49 of 2nd period - Shot Blocked by Travis Hamonic.
1:51 of 2nd period - Wrist shot by Zack Kassian.
1:51 of 2nd period - Stopped by Ryan Miller with a rebound.
1:53 of 2nd period - Snap shot by Sean Monahan.
1:53 of 2nd period - Goal by Sean Monahan - Sabres : 1 - Devils : 3.
1:54 of 2nd period - Sidney Crosby wins face-off versus Andrei Loktionov in neutral zone.
2:09 of 2nd period - Wrist shot by Ilya Kovalchuk.
2:09 of 2nd period - Stopped by Ryan Miller without a rebound.
2:10 of 2nd period - Brayden Schenn wins face-off versus Zack Kassian in Devils zone.
2:10 of 2nd period - Brayden Schenn is hit by Michael Kostka.
2:38 of 2nd period - Anthony Stewart is hit by Michael Kostka.
2:51 of 2nd period - Slapshot by Luke Schenn.
2:51 of 2nd period - Stopped by Robin Lehner without a rebound.
2:52 of 2nd period - Sidney Crosby wins face-off versus Andrei Loktionov in Sabres zone.
3:23 of 2nd period - Snap shot by Brandon Sutter.
3:23 of 2nd period - Shot Misses the Net.
3:29 of 2nd period - Snap shot by Darcy Hordichuk.
3:29 of 2nd period - Stopped by Ryan Miller without a rebound.
3:30 of 2nd period - Brayden Schenn wins face-off versus Vincent Lecavalier in Devils zone.
3:30 of 2nd period - Brayden Schenn is hit by Zack Kassian.
3:55 of 2nd period - Andrei Loktionov is hit by Scott Gomez.
4:45 of 2nd period - Zach Bogosian is hit by Scott Gomez and loses puck.
5:27 of 2nd period - Luke Schenn is hit by Rob Scuderi and loses puck.
5:46 of 2nd period - Snap shot by Viktor Arvidsson.
5:46 of 2nd period - Stopped by Robin Lehner without a rebound.
5:47 of 2nd period - Sidney Crosby wins face-off versus Andrei Loktionov in Sabres zone.
6:02 of 2nd period - Mathew Dumba is hit by Kevin Shattenkirk and loses puck.
6:22 of 2nd period - Wrist shot by Brandon Bollig.
6:22 of 2nd period - Stopped by Robin Lehner without a rebound.
6:23 of 2nd period - Evander Kane wins face-off versus Sidney Crosby in Sabres zone.
6:36 of 2nd period - Snap shot by Evander Kane.
6:36 of 2nd period - Stopped by Ryan Miller without a rebound.
6:37 of 2nd period - Sidney Crosby wins face-off versus Sean Monahan in Devils zone.
6:51 of 2nd period - Michael Kostka is hit by Johnny Gaudreau and loses puck.
7:08 of 2nd period - Slapshot by Kellan Lain.
7:08 of 2nd period - Shot Misses the Net.
7:10 of 2nd period - Wrist shot by Brayden Schenn.
7:10 of 2nd period - Shot Misses the Net.
7:12 of 2nd period - Slapshot by Brayden Schenn.
7:12 of 2nd period - Stopped by Robin Lehner with a rebound.
7:14 of 2nd period - Slapshot by Dmitry Kulikov.
7:14 of 2nd period - Shot Misses the Net.
7:16 of 2nd period - Wrist shot by Anton Volchenkov.
7:16 of 2nd period - Shot Blocked by Mathew Dumba.
7:36 of 2nd period - Slapshot by Michael Kostka.
7:36 of 2nd period - Stopped by Ryan Miller with a rebound.
7:57 of 2nd period - Zach Bogosian is hit by Jordan Eberle and loses puck.
8:14 of 2nd period - Slapshot by Sean Monahan.
8:14 of 2nd period - Stopped by Ryan Miller with a rebound.
8:16 of 2nd period - Backhand shot by Zach Bogosian.
8:16 of 2nd period - Stopped by Ryan Miller with a rebound.
9:35 of 2nd period - Sean Monahan is hit by Tyler Bozak.
9:54 of 2nd period - Jakub Kindl is hit by Luke Schenn.
10:28 of 2nd period - Snap shot by Sean Monahan.
10:28 of 2nd period - Stopped by Ryan Miller without a rebound.
10:29 of 2nd period - Scott Gomez wins face-off versus Sean Monahan in Devils zone.
10:36 of 2nd period - Snap shot by Viktor Arvidsson.
10:36 of 2nd period - Stopped by Robin Lehner without a rebound.
10:37 of 2nd period - Scott Gomez wins face-off versus Vincent Lecavalier in Sabres zone.
11:05 of 2nd period - Slapshot by Sidney Crosby.
11:05 of 2nd period - Shot Misses the Net.
11:36 of 2nd period - Slapshot by Kevin Shattenkirk.
11:36 of 2nd period - Shot Blocked by Michael Kostka.
11:38 of 2nd period - Wrist shot by Anthony Stewart.
11:38 of 2nd period - Shot Misses the Net.
12:33 of 2nd period - Backhand shot by Rob Scuderi.
12:33 of 2nd period - Shot Misses the Net.
13:20 of 2nd period - Dmitry Kulikov is hit by Darcy Hordichuk and loses puck.
14:17 of 2nd period - Michael Kostka is hit by Kevin Shattenkirk and loses puck.
14:46 of 2nd period - Brad Richardson is hit by Johnny Gaudreau and loses puck.
15:01 of 2nd period - Wrist shot by Zack Kassian.
15:01 of 2nd period - Stopped by Ryan Miller without a rebound.
15:02 of 2nd period - Vincent Lecavalier wins face-off versus Brayden Schenn in Devils zone.
15:05 of 2nd period - Wrist shot by Evander Kane.
15:05 of 2nd period - Deflect By Zack Kassian.
15:05 of 2nd period - Stopped by Ryan Miller with a rebound.
15:24 of 2nd period - Icing by Brayden Schenn.
15:25 of 2nd period - Andrei Loktionov wins face-off versus Brayden Schenn in Devils zone.
15:28 of 2nd period - Slapshot by Michael Frolik.
15:28 of 2nd period - Stopped by Ryan Miller with a rebound.
16:05 of 2nd period - Kevin Shattenkirk is hit by Jakub Kindl and loses puck.
16:17 of 2nd period - Icing by Jakub Kindl.
16:18 of 2nd period - Sean Monahan wins face-off versus Scott Gomez in Sabres zone.
16:18 of 2nd period - Sean Monahan is hit by Scott Gomez.
16:24 of 2nd period - Jaden Schwartz is hit by Darren Reid and loses puck.
16:55 of 2nd period - Slapshot by Michael Frolik.
16:55 of 2nd period - Shot Blocked by Kellan Lain.
17:02 of 2nd period - Icing by Anthony Stewart.
17:03 of 2nd period - Vincent Lecavalier wins face-off versus Brayden Schenn in Devils zone.
17:06 of 2nd period - Snap shot by Vincent Lecavalier.
17:06 of 2nd period - Shot Hit the Post.
17:08 of 2nd period - Wrist shot by Evander Kane.
17:08 of 2nd period - Shot Blocked by Tyler Cuma.
17:10 of 2nd period - Wrist shot by Evander Kane.
17:10 of 2nd period - Stopped by Ryan Miller with a rebound.
17:22 of 2nd period - Wrist shot by Brayden Schenn.
17:22 of 2nd period - Stopped by Robin Lehner with a rebound.
17:36 of 2nd period - Luke Schenn is hit by Evander Kane and loses puck.
18:21 of 2nd period - Snap shot by Evander Kane.
18:21 of 2nd period - Shot Misses the Net.
18:23 of 2nd period - Snap shot by Zack Kassian.
18:23 of 2nd period - Goal by Zack Kassian - Sabres : 2 - Devils : 3.
18:24 of 2nd period - Michael Frolik wins face-off versus Sidney Crosby in neutral zone.
19:03 of 2nd period - Icing by Darren Reid.
19:04 of 2nd period - Scott Gomez wins face-off versus Sean Monahan in Sabres zone.
19:11 of 2nd period - Snap shot by Viktor Arvidsson.
19:11 of 2nd period - Shot Misses the Net.
19:13 of 2nd period - Snap shot by Scott Gomez.
19:13 of 2nd period - Stopped by Robin Lehner with a rebound.
19:15 of 2nd period - Slapshot by Dmitry Kulikov.
19:15 of 2nd period - Deflect By Matt Martin.
19:15 of 2nd period - Stopped by Robin Lehner with a rebound.
19:17 of 2nd period - Wrist shot by Scott Gomez.
19:17 of 2nd period - Stopped by Robin Lehner without a rebound.
19:18 of 2nd period - Johnny Gaudreau wins face-off versus Andrei Loktionov in Sabres zone.
19:19 of 2nd period - Snap shot by Jordan Eberle.
19:19 of 2nd period - Stopped by Robin Lehner with a rebound.
19:25 of 2nd period - Snap shot by Ilya Kovalchuk.
19:25 of 2nd period - Stopped by Ryan Miller without a rebound.
19:26 of 2nd period - Andrei Loktionov wins face-off versus Sidney Crosby in Devils zone.
Goals for this period are 2 for Sabres vs 0 for Devils.
Shots for this period are 18 for Sabres vs 10 for Devils.
3rd period
0:01 of 3rd period - Sidney Crosby wins face-off versus Andrei Loktionov in neutral zone.
0:06 of 3rd period - Snap shot by Sidney Crosby.
0:06 of 3rd period - Stopped by Robin Lehner without a rebound.
0:07 of 3rd period - Sidney Crosby wins face-off versus Andrei Loktionov in Sabres zone.
0:14 of 3rd period - Wrist shot by Johnny Gaudreau.
0:14 of 3rd period - Stopped by Robin Lehner without a rebound.
0:15 of 3rd period - Andrei Loktionov wins face-off versus Jordan Eberle in Sabres zone.
0:15 of 3rd period - Andrei Loktionov is hit by Sidney Crosby.
1:12 of 3rd period - Snap shot by Matt Martin.
1:12 of 3rd period - Deflect By Sean Monahan.
1:12 of 3rd period - Shot Misses the Net.
1:12 of 3rd period - Puck is out of play.
1:13 of 3rd period - Andrei Loktionov wins face-off versus Sidney Crosby in Devils zone.
1:49 of 3rd period - Evander Kane is hit by Dmitry Kulikov and loses puck.
2:38 of 3rd period - Icing by Dmitry Kulikov.
2:39 of 3rd period - Tyler Bozak wins face-off versus Andrei Loktionov in Devils zone.
3:39 of 3rd period - Wrist shot by Sean Monahan.
3:39 of 3rd period - Stopped by Ryan Miller without a rebound.
3:40 of 3rd period - Sidney Crosby wins face-off versus Ilya Kovalchuk in Devils zone.
4:45 of 3rd period - Minor Penalty to Kevin Shattenkirk for Roughing.
4:46 of 3rd period - Sean Monahan wins face-off versus Brayden Schenn in Devils zone.
5:22 of 3rd period - Mathew Dumba is hit by Luke Schenn and loses puck.
6:45 of 3rd period - Penalty to Kevin Shattenkirk is over, Kevin Shattenkirk is back on ice.
8:22 of 3rd period - Brad Richardson is hit by Kevin Shattenkirk and loses puck.
8:53 of 3rd period - Snap shot by Jordan Eberle.
8:53 of 3rd period - Shot Blocked by Rob Scuderi.
9:10 of 3rd period - Rob Scuderi is hit by Kellan Lain and loses puck.
9:21 of 3rd period - Tyler Cuma is hit by Darren Reid and loses puck.
9:36 of 3rd period - Snap shot by Matt Martin.
9:36 of 3rd period - Stopped by Ryan Miller with a rebound.
9:38 of 3rd period - Slapshot by Rob Scuderi.
9:38 of 3rd period - Stopped by Ryan Miller with a rebound.
9:40 of 3rd period - Wrist shot by Darren Reid.
9:40 of 3rd period - Stopped by Ryan Miller without a rebound.
9:41 of 3rd period - Andrei Loktionov wins face-off versus Scott Gomez in Devils zone.
9:56 of 3rd period - Wrist shot by Andrei Loktionov.
9:56 of 3rd period - Stopped by Ryan Miller with a rebound.
11:47 of 3rd period - Snap shot by Kellan Lain.
11:47 of 3rd period - Stopped by Robin Lehner without a rebound.
11:48 of 3rd period - Sidney Crosby wins face-off versus Michael Frolik in Sabres zone.
12:03 of 3rd period - Tyler Cuma is hit by Mathew Dumba and loses puck.
12:22 of 3rd period - Slapshot by Luke Schenn.
12:22 of 3rd period - Shot Blocked by Darcy Hordichuk.
12:59 of 3rd period - Rob Scuderi is hit by Sidney Crosby and loses puck.
13:14 of 3rd period - Snap shot by Evander Kane.
13:14 of 3rd period - Stopped by Ryan Miller with a rebound.
13:32 of 3rd period - Vincent Lecavalier is hit by Kevin Shattenkirk.
13:35 of 3rd period - Off-side.
13:36 of 3rd period - Andrei Loktionov wins face-off versus Brayden Schenn in neutral zone.
13:41 of 3rd period - Snap shot by Mathew Dumba.
13:41 of 3rd period - Shot Blocked by Luke Schenn.
13:49 of 3rd period - Andrei Loktionov is hit by Brayden Schenn and loses puck.
13:58 of 3rd period - Minor Penalty to Ilya Kovalchuk for Tripping.
13:59 of 3rd period - Brandon Sutter wins face-off versus Sidney Crosby in Sabres zone.
13:59 of 3rd period - Brandon Sutter is hit by Luke Schenn.
14:09 of 3rd period - Backhand shot by Brandon Sutter.
14:09 of 3rd period - Shot Misses the Net.
14:35 of 3rd period - Slapshot by Luke Schenn.
14:35 of 3rd period - Stopped by Robin Lehner with a rebound.
14:47 of 3rd period - Mathew Dumba is hit by Jaden Schwartz and loses puck.
15:42 of 3rd period - Andrei Loktionov is hit by Jordan Eberle and loses puck.
15:58 of 3rd period - Penalty to Ilya Kovalchuk is over, Ilya Kovalchuk is back on ice.
16:36 of 3rd period - Snap shot by Alexander Perezhogin.
16:36 of 3rd period - Stopped by Robin Lehner with a rebound.
17:01 of 3rd period - Tyler Cuma is hit by Zack Kassian and loses puck.
17:38 of 3rd period - Snap shot by Kevin Shattenkirk.
17:38 of 3rd period - Shot Misses the Net.
18:49 of 3rd period - Sabres, Robin Lehner is pulled from the net.
19:27 of 3rd period - Wrist shot by Zach Bogosian.
19:27 of 3rd period - Shot Misses the Net.
19:29 of 3rd period - Wrist shot by Michael Frolik.
19:29 of 3rd period - Stopped by Ryan Miller with a rebound.
19:31 of 3rd period - Snap shot by Darcy Hordichuk.
19:31 of 3rd period - Stopped by Ryan Miller with a rebound.
19:33 of 3rd period - Wrist shot by Zach Bogosian.
19:33 of 3rd period - Shot Blocked by Scott Gomez.
19:35 of 3rd period - Slapshot by Darcy Hordichuk.
19:35 of 3rd period - Goal by Darcy Hordichuk - Sabres : 3 - Devils : 3.
19:35 of 3rd period - Robin Lehner from Sabres was sent back in the game.
19:36 of 3rd period - Johnny Gaudreau wins face-off versus Sean Monahan in neutral zone.
19:43 of 3rd period - Snap shot by Sidney Crosby.
19:43 of 3rd period - Stopped by Robin Lehner without a rebound.
19:44 of 3rd period - Jordan Eberle wins face-off versus Sean Monahan in Sabres zone.
19:50 of 3rd period - Minor Penalty to Darren Reid for Hooking.
19:51 of 3rd period - Brandon Sutter wins face-off versus Sidney Crosby in Sabres zone.
Goals for this period are 1 for Sabres vs 0 for Devils.
Shots for this period are 9 for Sabres vs 6 for Devils.
Overtime #1
0:01 of 1st overtime period - Brandon Sutter wins face-off versus Sidney Crosby in neutral zone.
0:39 of 1st overtime period - Mathew Dumba is hit by Kevin Shattenkirk and loses puck.
0:56 of 1st overtime period - Snap shot by Johnny Gaudreau.
0:56 of 1st overtime period - Shot Misses the Net.
1:20 of 1st overtime period - Snap shot by Andrei Loktionov.
1:20 of 1st overtime period - Stopped by Ryan Miller with a rebound.
1:22 of 1st overtime period - Snap shot by Andrei Loktionov.
1:22 of 1st overtime period - Stopped by Ryan Miller with a rebound.
1:50 of 1st overtime period - Penalty to Darren Reid is over, Darren Reid is back on ice.
3:24 of 1st overtime period - Icing by Zach Bogosian.
3:25 of 1st overtime period - Anthony Stewart wins face-off versus Brandon Sutter in Sabres zone.
3:28 of 1st overtime period - Snap shot by Kevin Shattenkirk.
3:28 of 1st overtime period - Stopped by Robin Lehner with a rebound.
3:44 of 1st overtime period - Mathew Dumba is hit by Kevin Shattenkirk and loses puck.
4:29 of 1st overtime period - Dmitry Kulikov is hit by Jared Cowen and loses puck.
Goals for this period are 0 for Sabres vs 0 for Devils.
Shots for this period are 2 for Sabres vs 1 for Devils.
ShootOut
5:00 of 1st overtime period - Round #1.
5:00 of 1st overtime period - Sabres, Evander Kane.
5:00 of 1st overtime period - Backhand shot by Evander Kane.
5:00 of 1st overtime period - Stopped by Ryan Miller.
5:00 of 1st overtime period - Devils, Viktor Arvidsson.
5:00 of 1st overtime period - Deke by Viktor Arvidsson.
5:00 of 1st overtime period - Stopped by Robin Lehner.
5:00 of 1st overtime period - Round #2.
5:00 of 1st overtime period - Sabres, Michael Frolik.
5:00 of 1st overtime period - Wrist shot by Michael Frolik.
5:00 of 1st overtime period - Goal by Michael Frolik.
5:00 of 1st overtime period - Devils, Sidney Crosby.
5:00 of 1st overtime period - Deke by Sidney Crosby.
5:00 of 1st overtime period - Stopped by Robin Lehner.
5:00 of 1st overtime period - Round #3.
5:00 of 1st overtime period - Sabres, Vincent Lecavalier.
5:00 of 1st overtime period - Backhand shot by Vincent Lecavalier.
5:00 of 1st overtime period - Stopped by Ryan Miller.
5:00 of 1st overtime period - Devils, Jordan Eberle.
5:00 of 1st overtime period - Backhand shot by Jordan Eberle.
5:00 of 1st overtime period - Stopped by Robin Lehner.
Back to the Top